 Dungeon Crawl Stone Soup version 0.27-a0-679-g77a6b55cf3 (webtiles) character file.

Game seed: 10611425018536496469

4707 Grognak the Cleaver (level 10, -6/92 (93) HPs)
             Began as a Hill Orc Chaos Knight on Mar 18, 2021.
             Was a Plaything of Xom.
             Mangled by a 17-headed hydra (7 damage)
             ... on level 9 of the Dungeon on Mar 19, 2021.
             The game lasted 00:17:51 (7593 turns).

Grognak the Cleaver (Hill Orc Chaos Knight)         Turns: 7593, Time: 00:17:53

HP:   -6/92 (93)    AC: 27    Str: 21 (23) XL:     10   Next: 45%
MP:   10/10         EV:  8    Int: 11 (12) God:    Xom [....*.]
Gold: 392           SH:  5    Dex:  9 (12) Spells: 9/9 levels left

rFire    . . .     SeeInvis +   a - +2 hand axe (chaos)
rCold    . . .     Faith    .   h - +0 buckler
rNeg     . . .     Spirit   .   s - +1 plate armour
rPois    .         Reflect  .   (no helmet)
rElec    +         Harm     .   k - +0 cloak
rCorr    .         Rampage  .   e - +0 pair of gloves
Will     .....                  g - +1 pair of boots
Stlth    ..........             c - amulet "Mapsum" {RegenMP +Blink Str+10 Dex-3 SInv}
HPRegen  0.25/turn              p - ring "Palod" {AC+4 Str-3 Dex+2 SInv}
MPRegen  0.37/turn              (no ring)

@: lightly drained
A: hooves 1, yellow scales 2, deterioration 1, screaming 1, electricity
resistance, sturdy frame 1
a: Renounce Religion, Evoke Blink


You were on level 9 of the Dungeon.
You worshipped Xom.
You were a beloved toy of Xom.
You visited 1 branch of the dungeon, and saw 9 of its levels.
You also visited: Sewer.

You collected 392 gold pieces.

Inventory:

Hand Weapons
 a - a +2 hand axe of chaos (weapon)
 w - the +5 spear "Boexio" {vorpal, *Corrode rPois Dex+3}
   (You found it on level 7 of the Dungeon)

   It inflicts extra damage upon your enemies.
   It affects your dexterity (+3).
   It protects you from poison.
   It may corrode you when you take damage.
Armour
 e - a +0 pair of gloves (worn)
 g - a +1 pair of boots (worn)
 h - a +0 buckler (worn)
 k - a +0 cloak (worn)
 s - a +1 plate armour (worn)
Jewellery
 c - the amulet "Mapsum" (around neck) {RegenMP +Blink Str+10 Dex-3 SInv}
   (You acquired it on level 2 of the Dungeon)

   [amulet of magic regeneration]

   It increases your magic regeneration.
   It affects your strength (+10).
   It affects your dexterity (-3).
   It lets you see invisible.
   It lets you blink.
 o - a +6 ring of intelligence
 p - the ring "Palod" (right hand) {AC+4 Str-3 Dex+2 SInv}
   (You found it on level 7 of the Dungeon)

   [ring of protection]

   It affects your AC (+4).
   It affects your strength (-3).
   It affects your dexterity (+2).
   It lets you see invisible.
Wands
 b - a wand of charming (9)
 i - a wand of flame (21)
 m - a wand of random effects (16)
 q - a wand of polymorph (19)
 x - a wand of iceblast (7)
Scrolls
 l - 2 scrolls of identify
 u - a scroll of holy word {unknown}
Potions
 d - 3 potions of curing
 f - a potion of ambrosia
 j - a potion of flight
 t - a potion of haste


   Skills:
 * Level 10.1 Fighting
 * Level 12.6 Axes
 * Level 8.6 Armour
 + Level 4.5 Dodging
 * Level 7.8 Shields


You had 9 spell levels left.
You didn't know any spells.
Your spell library contained the following spells:

 Spells                   Type           Power      Damage    Failure   Level
 Corona                   Hex            0%         N/A       97%         1
 Sting                    Tmut/Pois      0%         1d3       97%         1
 Ensorcelled Hibernation  Hex/Ice        0%         N/A       99%         2
 Confusing Touch          Hex            0%         N/A       100%        3
 Conjure Flame            Conj/Fire      0%         6-21      100%        3
 Dazzling Flash           Conj/Hex       0%         N/A       100%        3
 Gell's Gravitas          Tloc           0%         N/A       100%        3
 Inner Flame              Hex/Fire       0%         N/A       100%        3
 Tukima's Dance           Hex            0%         N/A       100%        3
 Petrify                  Tmut/Erth      0%         N/A       100%        4
 Metabolic Englaciation   Hex/Ice        0%         N/A       100%        5
 Yara's Violent Unravell  Hex/Tmut       0%         3d3       100%        5
 Ignition                 Fire           0%         3d3       100%        8


Dungeon Overview and Level Annotations

Branches:
Dungeon (9/15)             Temple (0/1) D:4           Sewer (visited)
   Lair: D:8-11         Orc: D:9-12

Altars:
Dithmenos
Elyvilon
Okawaru
Ru
Sif Muna
Trog
Wu Jian
Zin

Shops:
D:8 =


Innate Abilities, Weirdness & Mutations

You have large cloven feet.
You are mostly covered in yellow scales. (AC +3)
Your body sometimes deteriorates upon taking damage.
You occasionally shout uncontrollably at your foes.
You are resistant to electric shocks. (rElec)
Your movements are slightly less encumbered by armour. (ER -2)


Message History

There is a stone staircase leading down here.
The 17-headed hydra looks more healthy.
The 17-headed hydra bites you but does no damage.
The 17-headed hydra closely misses you.
The 17-headed hydra bites you but does no damage.
The 17-headed hydra bites you! The 17-headed hydra bites you.
The 17-headed hydra bites you but does no damage. x5
The 17-headed hydra barely misses you. You block the 17-headed hydra's attack.
The 17-headed hydra bites you!
The 17-headed hydra bites you but does no damage. x3
The 17-headed hydra bites you!
* * * LOW HITPOINT WARNING * * *
Your body deteriorates!
You feel clumsy.
You climb downwards.
A centaur comes into view.
You shout at the centaur!
You hear a shout! x2
Found a scratched bone ring.
There is a stone staircase leading up here.
The centaur wields a +0 shortbow.
The centaur shoots an arrow.
The arrow hits you but does no damage.
The 17-headed hydra bites you but does no damage.
The 17-headed hydra bites you.
* * * LOW HITPOINT WARNING * * *
The 17-headed hydra bites you.
* * * LOW HITPOINT WARNING * * *
You block the 17-headed hydra's attack. The 17-headed hydra bites you.
* * * LOW HITPOINT WARNING * * *
The 17-headed hydra bites you!
* * * LOW HITPOINT WARNING * * *
The 17-headed hydra closely misses you. The 17-headed hydra misses you.
The 17-headed hydra bites you but does no damage.
The 17-headed hydra bites you.
* * * LOW HITPOINT WARNING * * *
The 17-headed hydra bites you.
* * * LOW HITPOINT WARNING * * *
The 17-headed hydra bites you but does no damage.
The 17-headed hydra bites you!
You die...
Xom laughs nastily!

# #. ### #..
..# ### ###..
#.# #....
......#D#...#
.......@..=.#
...............
...............
..........#....
......c...# #..
........... .
.#..........
............


You could see a 17-headed hydra (agile) and a centaur.

Vanquished Creatures
  A yaktaur (shapeshifter) (D:6)
  A fire bat (D:7)
  3 ice beasts
  A necrophage (D:6)
  A tengu (D:7)
  An ogre (D:4)
  A sky beast (D:5)
  4 centaurs
  4 phantoms
  A kobold brigand (Sewer)
  7 bullfrogs
  Dowan (D:7)
  2 scorpions (D:5)
  A killer bee (D:6)
  3 wights (D:8)
  3 howler monkeys
  2 electric eels (D:7)
  A centaur zombie (D:5)
  Crazy Yiuf (D:2)
  An orc priest (D:8)
  A centaur skeleton (D:8)
  7 hounds
  3 bullfrog skeletons (D:5)
  2 orc wizards
  4 worker ants
  A hound zombie (D:7)
  A hound skeleton (D:7)
  2 worker ant zombies
  8 adders
  7 gnolls (D:6)
  5 river rats
  A shadow imp (D:7)
  An ufetubus (D:5)
  2 oozes
  2 adder skeletons
  An adder zombie (D:6)
  4 worms
  2 dart slugs
  2 leopard geckos (D:2)
  17 orcs
  2 ball pythons
  4 bats (D:2)
  3 giant cockroaches
  16 goblins
  4 hobgoblins
  5 jackals
  13 kobolds
  3 quokkas
  6 frilled lizards
  A giant cockroach zombie (D:6)
  A leopard gecko skeleton (D:5)
  9 rats
  A bush (D:6)
181 creatures vanquished.

Vanquished Creatures (collateral kills)
  A wight (D:8)
  A howler monkey (D:4)
  A white imp (D:4)
3 creatures vanquished.

Vanquished Creatures (others)
  An orc (D:4)
  A butterfly (D:6)
  4 plants (D:8)
6 creatures vanquished.

Grand Total: 190 creatures vanquished

Notes
Turn   | Place    | Note
-------+----------+-------------------------------------------
     0 | D:1      | Grognak the Hill Orc Chaos Knight began the quest for the
                  | Orb.
     0 | D:1      | Reached XP level 1. HP: 19/19 MP: 1/1
   211 | D:1      | XOM: noise
   378 | D:1      | Reached XP level 2. HP: 23/27 MP: 2/2
   664 | D:1      | Reached skill level 1 in Dodging
   956 | D:1      | XOM is BORED!
  1088 | D:1      | XOM: cloud trail
  1381 | D:2      | Reached XP level 3. HP: 32/33 MP: 3/3
  1645 | D:2      | Found a runed translucent door.
  1646 | D:2      | Noticed Crazy Yiuf
  2058 | D:2      | Reached skill level 5 in Axes
  2073 | D:2      | XOM: give mutations
  2073 | D:2      | Gained mutation: You are partially covered in yellow
                  | scales. (AC +2) [Xom's grace]
  2073 | D:2      | Gained mutation: You have large cloven feet. [Xom's grace]
  2073 | D:2      | Gained mutation: You are resistant to electric shocks.
                  | (rElec) [Xom's grace]
  2073 | D:2      | Gained mutation: Your flesh is heat resistant. (rF+) [Xom's
                  | grace]
  2168 | D:2      | Found an iron altar of Okawaru.
  2169 | D:2      | Found a shimmering blue altar of Sif Muna.
  2169 | D:2      | Found an ornate altar of the Wu Jian Council.
  2171 | D:2      | Found a bloodstained altar of Trog.
  2171 | D:2      | Found a shadowy altar of Dithmenos.
  2313 | D:2      | Killed Crazy Yiuf
  2314 | D:2      | Reached XP level 4. HP: 41/41 MP: 4/4
  2364 | D:2      | Identified a scroll of acquirement
  2365 | D:2      | Acquired the amulet "Mapsum" {RegenMP +Blink Str+10 Dex-3
                  | SInv}
  2573 | D:3      | XOM: 1-stop teleportation journey
  2620 | D:3      | XOM: give mutations
  2620 | D:3      | Gained mutation: Your movements are slightly less
                  | encumbered by armour. (ER -2) [Xom's mischief]
  2620 | D:3      | Gained mutation: Your body sometimes deteriorates upon
                  | taking damage. [Xom's mischief]
  2620 | D:3      | Lost mutation: Your flesh is heat resistant. (rF+) [Xom's
                  | mischief]
  2654 | D:3      | Reached XP level 5. HP: 47/47 MP: 5/5
  2745 | D:3      | Found a glowing silver altar of Zin.
  2815 | D:3      | Noticed Ijyb
  2818 | D:3      | XOM: give mutation
  2818 | D:3      | Gained mutation: You are mostly covered in yellow scales.
                  | (AC +3) [Xom's mischief]
  2827 | D:3      | Noticed Ijyb
  2827 | D:3      | Ijyb changed into Ijyb the centaur
  2827 | D:3      | XOM: polymorph Ijyb -> Ijyb the centaur
  2831 | D:3      | Killed Ijyb the centaur
  2832 | D:3      | Reached skill level 6 in Axes
  2832 | D:3      | Reached skill level 1 in Shields
  3092 | D:4      | Reached XP level 6. HP: 55/55 MP: 6/6
  3127 | D:4      | Reached skill level 5 in Fighting
  3127 | D:4      | Reached skill level 7 in Axes
  3386 | D:4      | Found a staircase to the Ecumenical Temple.
  3412 | D:4      | XOM: summons friendly iron imp
  3421 | D:4      | Reached XP level 7. HP: 38/61 MP: 7/7
  3687 | D:4      | Reached skill level 8 in Axes
  3708 | D:4      | XOM: scenery: summon butterflies
  3784 | D:4      | XOM: noise
  4017 | D:5      | Entered Level 5 of the Dungeon
  4338 | D:5      | XOM: noise
  4339 | D:5      | XOM: fog
  4344 | D:5      | Reached skill level 9 in Axes
  4349 | D:5      | Reached XP level 8. HP: 55/70 MP: 8/8
  4475 | D:5      | XOM: 2-stop teleportation journey
  4657 | D:5      | XOM: draining
  4819 | D:5      | Reached skill level 11 in Axes
  4819 | D:5      | Reached XP level 9. HP: 80/80 MP: 9/9
  4831 | D:6      | XOM: stealth player
  4841 | D:6      | Found a white marble altar of Elyvilon.
  4843 | D:6      | XOM: summons 2 friendly demons
  5050 | D:6      | Identified the Grimoire of Cankerous Heat
  5085 | D:6      | XOM: give mutations
  5085 | D:6      | Gained mutation: Your body often deteriorates upon taking
                  | damage. [Xom's mischief]
  5085 | D:6      | Gained mutation: You are weak. (Str -2) [Xom's mischief]
  5310 | D:6      | XOM: give mutations
  5310 | D:6      | Gained mutation: You occasionally shout uncontrollably at
                  | your foes. [Xom's mischief]
  5310 | D:6      | Lost mutation: You occasionally shout uncontrollably at
                  | your foes. [Xom's mischief]
  5321 | D:6      | Found a glowing drain.
  5326 | D:6      | XOM: cast spell 'Alistair's Intoxication'
  5332 | D:6      | XOM: polymorph giant cockroach -> frilled lizard
  5335 | D:6      | XOM: chaos cloud
  5337 | D:6      | Noticed a glowing shapeshifter
  5337 | D:6      | an orc changed into a glowing shapeshifter
  5338 | D:6      | Noticed a merfolk
  5338 | D:6      | a glowing shapeshifter changed into a merfolk
  5341 | D:6      | Noticed a wolf spider
  5341 | D:6      | a merfolk changed into a wolf spider
  5342 | D:6      | XOM: chaos cloud
  5343 | D:6      | XOM: 1-stop teleportation journey
  5348 | D:6      | Noticed an elephant
  5357 | D:6      | XOM: noise
  5358 | D:6      | XOM: polymorph orc warrior -> killer bee
  5370 | D:6      | Noticed a yaktaur
  5370 | D:6      | XOM: swap monsters
  5371 | D:6      | XOM: noise
  5379 | D:6      | Killed a yaktaur
  5403 | Sewer    | Entered a sewer
  5650 | Sewer    | Found a white marble altar of Elyvilon.
  6064 | D:6      | Reached XP level 10. HP: 93/93 MP: 10/10
  6326 | D:7      | Reached skill level 12 in Axes
  6379 | D:7      | Reached skill level 10 in Fighting
  6509 | D:7      | XOM: summons 1 hostile demon
  6543 | D:7      | XOM: polymorph bullfrog -> tengu
  6553 | D:7      | Identified the ring "Palod" {AC+4 Str-3 Dex+2 SInv}
  6681 | D:7      | XOM: summons 3 hostile shadow creatures
  6844 | D:7      | Identified the +5 spear "Boexio" {vorpal, *Corrode rPois
                  | Dex+3}
  6948 | D:7      | Noticed Dowan
  6950 | D:7      | Noticed Duvessa
  6952 | D:7      | XOM: confusion (+ monsters)
  6958 | D:7      | Killed Dowan
  6959 | D:7      | Noticed Duvessa
  6959 | D:7      | Duvessa changed into Duvessa the fire bat
  6959 | D:7      | XOM: blink monster(s)
  6969 | D:7      | Killed Duvessa the fire bat
  7218 | D:7      | XOM: give mutations
  7218 | D:7      | Gained mutation: You occasionally shout uncontrollably at
                  | your foes. [Xom's mischief]
  7218 | D:7      | Lost mutation: You are weak. (Str -2) [Xom's mischief]
  7272 | D:8      | XOM: swap monsters
  7417 | D:8      | Noticed a cyan ugly thing
  7417 | D:8      | XOM: give mutation
  7417 | D:8      | Lost mutation: Your body often deteriorates upon taking
                  | damage. [Xom's mischief]
  7418 | D:8      | XOM: chaos cloud
  7419 | D:8      | Paralysed by you for 3 turns
  7421 | D:8      | XOM: 2-stop teleportation journey
  7423 | D:8      | Found Ratuq's Jewellery Shoppe.
  7442 | D:8      | Found a sacrificial altar of Ru.
  7463 | D:8      | XOM: chaos cloud
  7464 | D:8      | XOM: polymorph scorpion -> quokka
  7517 | D:8      | Noticed a five-headed hydra
  7523 | D:8      | XOM: enchant monster (good)
  7534 | D:8      | XOM: enchant monster (good)
  7593 | D:9      | HP: 1/92 [17-headed hydra (5)]
  7593 | D:9      | Mangled by a 17-headed hydra

Illustrated notes

Levels and vault maps discovered:
D:1:      ncdulo_smallfort, layout_basic
D:2:      layout_rooms, grunt_temple_overflow_open, uniq_crazy_yiuf_cottage
D:3:      kennysheep_the_goblin_king, layout_rooms, lemuel_doored_altar
D:4:      layout_loops_ring, minmay_temple_entry_grid
D:5:      minmay_chambers_of_threes, layout_basic
D:6:      layout_loops_ring, nicolae_elyvilon_peaceful_grove,
          portal_sewer_entry_a
D:7:      layout_rooms, kennysheep_opposing_triangles, uniq_duvessa
D:8:      nzn_winding_woodlands_medium [nzn_winding_woodlands_5x5_checkerboard,
          nzn_winding_woodlands_5x15_garden,
          nzn_winding_woodlands_5x5_open_star, nzn_winding_woodlands_hourglass,
          nzn_winding_woodlands_center_triple_pond,
          nzn_winding_woodlands_5x5_closed_star,
          nzn_winding_woodlands_5x5_default, nzn_winding_woodlands_5x15_pockets,
          nzn_winding_woodlands_5x5_default], layout_loops_corners,
          nicolae_ru_awakened_eye, serial_shops, shop
D:9:      layout_basic, uniq_grum

Skill      XL: |  1  2  3  4  5  6  7  8  9 10 |
---------------+-------------------------------+-----
Fighting       | 4 5 9 10 | 10.1
Dodging        | 1 2 4 |  4.5
Axes           | 5 6 7 9 11 12 | 12.6
Armour         | 3 8 |  8.6
Shields        | 1 2 7 |  7.8

Action                   |  1- 3 |  4- 6 |  7- 9 | 10-12 || total
-------------------------+-------+-------+-------+-------++-------
Melee: Hand axe          |   112 |   111 |   286 |   218 ||   727
  Use: Scroll            |       |     4 |     4 |     3 ||    11
       Potion            |       |     3 |     7 |     4 ||    14
 Stab: Paralysed         |       |     2 |     5 |     3 ||    10
       Petrified         |       |       |       |     5 ||     5
Armor: Leather armour    |    60 |    43 |    89 |       ||   192
       Plate armour      |       |       |     4 |   208 ||   212
Dodge: Dodged            |    65 |    63 |   110 |    90 ||   328
Block: Buckler           |       |     7 |    41 |    59 ||   107

Table legend: (Time is in decaauts)
 A = Elapsed time spent in this place.
 B = Non-inter-level travel time spent in this place.
 C = Inter-level travel time spent in this place.
 D = Time resting spent in this place.
 E = Time spent auto-exploring this place.
 F = Levels seen in this place.
 G = Mean time per level.
                   A        B        C        D        E       F      G
               +--------+--------+--------+--------+--------+-----+--------+
         Total |   7476 |   7383 |     93 |      0 |   5646 |  10 |  747.6 |
       Dungeon |   7143 |   7050 |     93 |      0 |   5397 |   9 |  793.7 |
         Sewer |    332 |    332 |      0 |      0 |    249 |   1 |  332.0 |
               +--------+--------+--------+--------+--------+-----+--------+

Top non-repeatable levels by time:
     D:2: 1210 daAuts
     D:1: 1169 daAuts
     D:6: 1043 daAuts
     D:4: 959 daAuts
     D:7: 950 daAuts
     D:5: 802 daAuts
     D:3: 686 daAuts
   Sewer: 332 daAuts
     D:8: 321 daAuts
     D:9: 0 daAuts
